 Dungeon Crawl Stone Soup version 0.27-a0-836-gfc908b8576 (webtiles) character file.

Game seed: 17436667673736291579

33 leviel the Skirmisher (level 3, 0/24 HPs)
             Began as a Gargoyle Fighter on Apr 1, 2021.
             Slain by a hobgoblin (3 damage)
             ... led by Robin
             ... on level 2 of the Dungeon.
             The game lasted 00:01:15 (939 turns).

leviel the Skirmisher (Gargoyle Fighter)             Turns: 939, Time: 00:01:15

Health: 0/24       AC: 10    Str: 20    XL:     3   Next: 29%
Magic:  3/3        EV:  7    Int:  8    God:
Gold:   26         SH:  9    Dex:  9    Spells: 2/2 levels left

rFire    . . .     SeeInvis .   a - +0 long sword
rCold    . . .     Faith    .   c - +0 kite shield
rNeg     + . .     Spirit   .   b - +0 scale mail
rPois    ∞         Reflect  .   (no helmet)
rElec    +         Harm     .   (no cloak)
rCorr    .         Rampage  .   (no gloves)
Will     .....                  (no boots)
Stlth    ..........             (no amulet)
HPRegen  0.08/turn              (no ring)
MPRegen  0.08/turn              (no ring)

@: mighty
A: AC +3, negative energy resistance 1, electricity resistance, torment
resistance 1, unbreathing 1, petrification resistance
a: no special abilities


You were on level 2 of the Dungeon.
You visited 1 branch of the dungeon, and saw 2 of its levels.

You collected 26 gold pieces.

Inventory:

Hand Weapons
 a - a +0 long sword (weapon)
Missiles
 e - 7 poisoned darts (quivered)
Armour
 b - a +0 scale mail (worn)
 c - a +0 kite shield (worn)
Scrolls
 f - 3 scrolls of identify {unknown}
 g - 2 scrolls of fear {unknown}


   Skills:
 + Level 3.6 Fighting
 * Level 2.6 Long Blades
 + Level 1.0 Throwing
 - Level 3.2 Armour
 - Level 3.2 Shields


You had 2 spell levels left.
You didn't know any spells.
Your spell library was empty.

Dungeon Overview and Level Annotations

Branches:
Dungeon (2/15)

Altars:

Annotations:
D:2 Robin


Innate Abilities, Weirdness & Mutations

Your stone body is resilient. (AC +3)
You are immune to poison.
You resist negative energy. (rN+)
You are resistant to electric shocks. (rElec)
You are resistant to unholy torment.
You can survive without breathing.
You are immune to petrification.


Message History

The ball python bites you but does no damage.
The ball python constricts you.
You escape the ball python's grasp.
The hobgoblin no longer looks unusually strong.
Robin throws the goblin at you! The goblin hits you but does no damage.
Found a leatherbound book.
Robin points. "Kill!"
The ball python barely misses you. You block the ball python's attack.
The goblin no longer looks unusually strong.
Robin roars a battlecry!
The goblin goes into a battle-frenzy!
The ball python bites you but does no damage.
The ball python grabs you. The ball python constricts you.
You escape the ball python's grasp.
The goblin no longer looks unusually strong.
Robin closely misses you. Robin throws the goblin at you!
The goblin hits you but does no damage.
There is a stone staircase leading down here.
You see here a +0 dagger.
You closely miss the goblin.
The goblin no longer looks unusually strong.
The hobgoblin no longer looks unusually strong.
The ball python barely misses you.
You riposte.
You slash the ball python!
You kill the ball python!
Robin hits you but does no damage. The goblin hits you but does no damage.
You block Robin's attack. The hobgoblin completely misses you.
The goblin barely misses you.
You riposte.
You barely miss the goblin.
Okay, then.
You aren't carrying any potions.
You slash the goblin!
You kill the goblin!
You block the hobgoblin's attack. Robin throws the goblin at you!
You block the hobgoblin's attack.
The hobgoblin hits you but does no damage.
The goblin unwields a +0 hunting sling.
The goblin wields a +0 club.
The goblin hits you but does no damage.
You closely miss the goblin.
The hobgoblin hits you but does no damage.
The hobgoblin hits you.
You die...

#..#.......#
.##(.#.......#
.....#....$..###
#.(.........+
#(...."..#
#........#
#.g###...#
#gg###)#......
#.@g).)# .####
##g##### .. #.#
## #<# ###


You could see Robin, 2 hobgoblins and 2 goblins.

Vanquished Creatures
  An adder (D:2)
  A dart slug (D:1)
  5 ball pythons
  2 bats
  2 endoplasms (D:1)
  7 goblins
  A quokka (D:1)
  A frilled lizard (D:1)
  A kobold (D:1)
21 creatures vanquished.

Notes
Turn   | Place    | Note
-------+----------+-------------------------------------------
     0 | D:1      | leviel the Gargoyle Fighter began the quest for the Orb.
     0 | D:1      | Reached XP level 1. HP: 14/14 MP: 1/1
   228 | D:1      | Reached XP level 2. HP: 19/19 MP: 2/2
   906 | D:2      | Noticed Robin
   916 | D:2      | Reached skill level 1 in Throwing
   916 | D:2      | Reached XP level 3. HP: 12/23 MP: 3/3
   939 | D:2      | Slain by a hobgoblin

Illustrated notes

Levels and vault maps discovered:
D:1:      dpeg_arrival_court, layout_basic, st_stairs_3, minivault_23
D:2:      layout_basic, lemuel_doored_altar, lemuel_round_altar, serial_shops,
          nicolae_shop_waterfront, uniq_robin

Skill      XL: |  1  2 |
---------------+-------+-----
Long Blades    | 2 |  2.6
Throwing       | 1 |  1.0
Fighting       | |  3.6
Armour         | |  3.2
Shields        | |  3.2

Action                   || total
-------------------------++-------
Melee: Long sword        ||    41
Throw: Dart              ||    17
  Use: Potion            ||     1
Armor: Scale mail        ||    53
Dodge: Dodged            ||    34
Block: Kite shield       ||    44
       Rpst.: Long sword ||     9

Table legend: (Time is in decaauts)
 A = Elapsed time spent in this place.
 B = Non-inter-level travel time spent in this place.
 C = Inter-level travel time spent in this place.
 D = Time resting spent in this place.
 E = Time spent auto-exploring this place.
 F = Levels seen in this place.
 G = Mean time per level.
                   A        B        C        D        E       F      G
               +--------+--------+--------+--------+--------+-----+--------+
         Total |    962 |    948 |     14 |      0 |    815 |   2 |  481.0 |
       Dungeon |    962 |    948 |     14 |      0 |    815 |   2 |  481.0 |
               +--------+--------+--------+--------+--------+-----+--------+

Top non-repeatable levels by time:
     D:1: 910 daAuts
     D:2: 52 daAuts
